 Dungeon Crawl Stone Soup version 0.17-a0-1769-g54adf96 (webtiles) character file.

654 wvc the Cutter (level 7, 0/46 HPs)
             Began as an Octopode Assassin on Sept 7, 2015.
             Slain by a centaur zombie (4 damage)
             ... in an ossuary.
             The game lasted 00:06:20 (3678 turns).

wvc the Cutter (Octopode Assassin)                  Turns: 3678, Time: 00:06:20

Health: 0/46       AC:  3    Str: 11    XL:     7   Next: 54%
Magic:  7/7        EV: 13    Int: 15    God:
Gold:   109        SH:  3    Dex: 13    Spells: 0 memorised, 6 levels left

rFire  . . .     SeeInvis .     a - +2 dagger
rCold  . . .     Clarity  .     u - +0 buckler
rNeg   . . .     SustAt   .     (helmet restricted)
rPois  .         Gourm    .     (no amulet)
rElec  .         Spirit   .     n - +2 ring of protection
rCorr  .         Warding  .     q - ring of stealth
rMut   .         Stasis   .     (no ring)
MR     .....                    (no ring)
Stlth  +++++.....               (no ring)
                                (no ring)
                                (no ring)
                                (no ring)

@: not resistant to hostile enchantments, quite stealthy
A: almost no armour, amphibious, 8 rings, constrict 8, camouflage 1, gelatinous
body 1
a: no special abilities


You were in an ossuary.
You were full.

You visited 1 branch of the dungeon, and saw 4 of its levels.
You also visited: Ossuary.

You collected 109 gold pieces.

Inventory:

Hand weapons
 a - a +2 dagger (weapon)
 b - a +0 blowgun
Missiles
 c - 8 poisoned needles
 d - 2 curare-tipped needles
 o - 14 tomahawks (quivered)
Armour
 u - a +0 buckler (worn)
Jewellery
 n - a +2 ring of protection (left tentacle)
 q - a ring of stealth (right tentacle)
Magical devices
 t - a wand of fireball (4)
Scrolls
 f - 9 scrolls of identify {unknown}
 i - 2 scrolls of immolation {unknown}
 l - a scroll of enchant armour {unknown}
 s - a scroll of magic mapping {unknown}
 v - a scroll of teleportation {unknown}
 w - a scroll of fog {unknown}
 x - a scroll of silence {unknown}
Potions
 h - 3 potions of curing
 j - a potion of cure mutation {unknown}
 k - a potion of magic {unknown}
 m - a potion of invisibility {unknown}
 p - 3 potions of flight {unknown}
 r - a potion of lignification {unknown}
Comestibles
 e - 4 bread rations
 g - a meat ration


   Skills:
 + Level 3.2 Fighting
 * Level 6.4 Short Blades
 - Level 2.0 Throwing
 + Level 4.2 Dodging
 - Level 5.3 Stealth
 + Level 0.2 Shields


You had 6 spell levels left.
You didn't know any spells.

Dungeon Overview and Level Annotations

Branches:
Dungeon (4/15)
 Temple: D:4-7

Altars:
Ashenzari

Shops:
D:4 =

Annotations:
D:2 exclusion: door


Innate Abilities, Weirdness & Mutations

You cannot wear most types of armour.
You are amphibious.
You can wear up to eight rings at the same time.
You can use your tentacles to constrict eight enemies at once.
Your skin changes colour to match your surroundings (Stealth).
Your rubbery body absorbs attacks (AC +1).


Message History

You hit the centaur zombie. The human zombie closely misses you.
You hit the centaur zombie. You block the centaur zombie's attack.
You hit the centaur zombie. You squeeze the centaur zombie.
The centaur zombie hits you. The human zombie hits you!
* * * LOW HITPOINT WARNING * * *
The centaur zombie hits you!
* * * LOW HITPOINT WARNING * * *
There is an open door, spattered with blood here.
Evoke which item? (* to show all) (? for menu, Esc to quit)
Okay, then.
You block the centaur zombie's attack.
Drink which item? (? for menu, Esc to quit)
It was a potion of curing.
You feel better.
The centaur zombie completely misses you.
The centaur zombie hits you.
* * * LOW HITPOINT WARNING * * *
The centaur zombie hits you.
* * * LOW HITPOINT WARNING * * *
The centaur zombie hits you.
You die...

#....................#
#......########......#
#...####.+ ####...#
#..##Z...### ##..#
#..'.Z...... #..#
#..##....### ##..#
#...####.+ ####...#
#......########......#
#............Z@......#
#............Z.......#
#......########......#
#...####..#...####...#
#..##.'...#......##..#
#..#∩.#####.####..'..#
#..##.......#..#.##..#
#...####....'.####...#
#... ..########......#


You could see an adder zombie and a centaur zombie.

Vanquished Creatures
  Grinder (D:4)
  An ogre (D:4)
  An elf zombie (Ossuary)
  3 centaur zombies (Ossuary)
  A human zombie (Ossuary)
  A centaur skeleton (D:4)
  A worker ant (D:4)
  2 mummies (Ossuary)
  2 adders
  2 oozes
  5 adder zombies (Ossuary)
  A worm (D:2)
  4 orcs
  8 bats
  3 goblins
  4 hobgoblins
  3 jackals (D:3)
  4 kobolds
  3 ball pythons
  A giant cockroach (D:2)
  4 giant newts
  2 goblin zombies (Ossuary)
  A hobgoblin zombie (Ossuary)
  2 jackal zombies (Ossuary)
  2 kobold zombies (Ossuary)
  2 orc zombies (Ossuary)
  6 quokka zombies (Ossuary)
  3 rats
  5 rat zombies (Ossuary)
78 creatures vanquished.

Notes
Turn   | Place    | Note
--------------------------------------------------------------
     0 | D:1      | wvc the Octopode Assassin began the quest for the Orb.
     0 | D:1      | Reached XP level 1. HP: 14/14 MP: 1/1
   270 | D:1      | Reached XP level 2. HP: 17/19 MP: 2/2
  1080 | D:2      | Reached XP level 3. HP: 24/24 MP: 3/3
  1628 | D:3      | Found a shattered altar of Ashenzari.
  1738 | D:3      | Reached XP level 4. HP: 20/29 MP: 4/4
  2436 | D:4      | Noticed an ogre
  2442 | D:4      | Killed an ogre
  2442 | D:4      | Reached XP level 5. HP: 31/34 MP: 5/5
  2701 | D:4      | Found Giprex's Jewellery Shop.
  2730 | D:4      | Noticed Grinder
  2734 | D:4      | Killed Grinder
  2734 | D:4      | Reached skill level 5 in Short Blades
  2734 | D:4      | Reached XP level 6. HP: 34/41 MP: 6/6
  2836 | D:4      | Found a sand-covered staircase.
  2841 | Ossuary  | Entered an ossuary
  2886 | Ossuary  | Reached XP level 7. HP: 26/46 MP: 7/7
  3052 | Ossuary  | Reached skill level 6 in Short Blades
  3664 | Ossuary  | HP: 1/46 [centaur zombie (8)]
  3678 | Ossuary  | Slain by a centaur zombie

Vault maps used:
D:1:      dpeg_arrival_rooms_c
D:2:      lemuel_coloured_pillars_altar, first_bread, minmay_shallow_snake_nest
D:3:      lemuel_crystal_altar, minivault_4, kennysheep_doodads
D:4:      enter_ossuary_5, serial_shops, shop, uniq_grinder
Ossuary:  minmay_ossuary_two_tombs

Action                   |  1- 3 |  4- 6 |  7- 9 || total
-------------------------+-------+-------+-------++-------
Melee: Dagger            |    67 |    40 |    89 ||   196
  Use: Potion            |       |       |     1 ||     1
 Stab: Sleeping          |    13 |     9 |     8 ||    30
  Eat: Pizza             |     1 |       |       ||     1
       Chunk             |     1 |       |       ||     1
       Meat ration       |       |     1 |     1 ||     2
